[ AOE2 MATCH · #471704895 ]
UnrankedJurchens vs Wei
[ REPLAY ANALYSIS · EXTRACTED FROM THE RECORDED GAME ]
Feudal
12:07
Castle
15:43
Imperial
29:13
| APM avg | 18.7 |
| APM peak | 40 |
| eAPM avg | 13.5 |
| Villagers / military | 132 / 1255 |
Focus
⚔️ 49.9% · 🌾 50.1%
Spearman ×795 · Steppe Lancer ×280 · Fire Lancer ×155 · Trade Cart ×50 · Bombard Cannon ×16 · Trebuchet (Packed) ×7
Feudal
11:17
Castle
15:37
Imperial
33:11
| APM avg | 18.1 |
| APM peak | 49 |
| eAPM avg | 12.5 |
| Villagers / military | 177 / 705 |
Focus
⚔️ 43.7% · 🌾 56.3%
Scout Cavalry ×295 · Spearman ×190 · Militia ×136 · Trade Cart ×36 · Camel Scout ×27 · Skirmisher ×26
Feudal
10:56
Castle
14:43
Imperial
29:09
| APM avg | 51.2 |
| APM peak | 87 |
| eAPM avg | 32.3 |
| Villagers / military | 174 / 338 |
Focus
⚔️ 61.6% · 🌾 38.4%
Unknown (1944) ×548 · Scout Cavalry ×336 · Trade Cart ×55 · Unknown (1942) ×51 · Unknown (1949) ×28 · Mangonel ×2
Feudal
11:09
Castle
15:24
Imperial
30:15
| APM avg | 27.3 |
| APM peak | 62 |
| eAPM avg | 10.9 |
| Villagers / military | 116 / 451 |
Focus
⚔️ 42.3% · 🌾 57.7%
Hand Cannoneer ×224 · Scout Cavalry ×155 · Genoese Crossbowman ×34 · Bombard Cannon ×29 · Trade Cart ×21 · Mangonel ×7
Feudal
10:58
Castle
14:28
Imperial
28:09
| APM avg | 36.0 |
| APM peak | 117 |
| eAPM avg | 23.5 |
| Villagers / military | 186 / 1413 |
Focus
⚔️ 55.6% · 🌾 44.4%
Spearman ×709 · Militia ×336 · Scorpion ×242 · Monk ×53 · Battering Ram ×52 · Trade Cart ×42
Feudal
11:21
Castle
15:00
Imperial
28:37
| APM avg | 44.3 |
| APM peak | 84 |
| eAPM avg | 28.3 |
| Villagers / military | 212 / 724 |
Focus
⚔️ 57.2% · 🌾 42.8%
Cavalry Archer ×477 · Militia ×103 · Spearman ×68 · Trade Cart ×56 · Samurai ×23 · Trebuchet (Packed) ×23
Feudal
11:37
Castle
16:57
Imperial
31:16
| APM avg | 32.5 |
| APM peak | 95 |
| eAPM avg | 13.3 |
| Villagers / military | 131 / 406 |
Focus
⚔️ 32.1% · 🌾 67.9%
Knight ×405 · Trade Cart ×20 · Trebuchet (Packed) ×1
Feudal
10:49
Castle
16:37
Imperial
31:57
| APM avg | 43.9 |
| APM peak | 86 |
| eAPM avg | 18.2 |
| Villagers / military | 135 / 851 |
Focus
⚔️ 35.6% · 🌾 64.4%
Scout Cavalry ×396 · Knight ×340 · Throwing Axeman ×114 · Trade Cart ×12 · Trebuchet (Packed) ×1
Match map
Initial resources + every placement click. Lines = walls · curves = elevation contours. ◆ gold · ⬟ stone · ● berries · ✦ relic · ◌ wall gap
Your base· ✓ Closed at 15:43 · 0t walls · 2 gate(s)
PJtheDcoy's base· ✓ Closed at 15:37 · 0t walls · 3 gate(s)
Trooperone1's base· ✓ Closed at 14:43 · 0t walls · 2 gate(s)
Taulipang's base· ✓ Closed at 15:24 · 0t walls · 3 gate(s)
Quando's base· ✓ Closed at 14:28 · 0t walls · 2 gate(s)
Fingon's base· ✓ Closed at 15:00 · 0t walls · 2 gate(s)
Fr4ggi's base· ✓ Closed at 16:57 · 0t walls · 3 gate(s)
DarkHorse's base· ✓ Closed at 16:37 · 0t walls · 3 gate(s)
Smoothed initial terrain · ◌ = detected wall gap · hover for details
Inputs per minute
— Relief - - PJtheDcoy
Build order — Relief
First 150 of 710 actions detected
| 0:01 | Queue | Villager (Male) |
| 0:02 | Queue | Villager (Male) |
| 0:02 | Queue | Villager (Male) |
| 0:04 | Build | House |
| 0:06 | Build | House |
| 0:23 | Queue | Villager (Male) |
| 0:23 | Queue | Villager (Male) |
| 1:30 | Queue | Villager (Male) |
| 1:51 | Build | Lumber Camp |
| 1:58 | Queue | Villager (Male) |
| 2:11 | Queue | Villager (Male) |
| 2:31 | Queue | Villager (Male) |
| 3:06 | Queue | Villager (Male) |
| 3:31 | Queue | Villager (Male) |
| 3:55 | Build | House |
| 3:56 | Build | House |
| 4:07 | Queue | Villager (Male) |
| 4:16 | Build | Mill |
| 4:31 | Queue | Villager (Male) |
| 4:33 | Queue | Villager (Male) |
| 5:25 | Queue | Villager (Male) |
| 5:39 | Queue | Villager (Male) |
| 6:09 | Queue | Villager (Male) |
| 6:20 | Build | Farm |
| 6:28 | Build | Farm |
| 6:31 | Build | Farm |
| 6:38 | Queue | Villager (Male) |
| 7:19 | Build | House |
| 7:23 | Queue | Villager (Male) |
| 7:56 | Build | Mining Camp |
| 8:17 | Queue | Villager (Male) |
| 8:17 | Queue | Villager (Male) |
| 8:18 | Queue | Villager (Male) |
| 9:15 | Queue | Villager (Male) |
| 9:15 | Queue | Villager (Male) |
| 9:38 | Research | Feudal Age |
| 10:04 | Build | Mining Camp |
| 10:09 | Queue | Villager (Male) |
| 10:09 | Queue | Villager (Male) |
| 12:07 | Age | Feudal Age |
| 12:09 | Build | Blacksmith |
| 12:12 | Build | Market |
| 12:21 | Build | House |
| 13:03 | Research | Castle Age |
| 13:32 | Research | Double-Bit Axe |
| 13:34 | Research | Horse Collar |
| 13:49 | Queue | Villager (Male) |
| 14:25 | Queue | Villager (Male) |
| 15:43 | Age | Castle Age |
| 15:52 | Build | Monastery |
| 16:14 | Build | Castle |
| 16:40 | Queue | Villager (Male) |
| 16:40 | Queue | Villager (Male) |
| 16:43 | Queue | Monk |
| 17:00 | Build | Town Center |
| 17:09 | Queue | Villager (Male) |
| 17:10 | Queue | Villager (Male) |
| 17:34 | Queue | Monk |
| 17:42 | Queue | Villager (Male) |
| 17:46 | Queue | Unit 1908 |
| 17:58 | Build | Farm |
| 18:01 | Build | Farm |
| 18:02 | Queue | Villager (Male) |
| 18:14 | Queue | Villager (Male) |
| 18:21 | Queue | Villager (Male) |
| 18:23 | Research | Loom |
| 18:33 | Queue | Villager (Male) |
| 18:34 | Queue | Villager (Male) |
| 18:54 | Queue | Villager (Male) |
| 19:02 | Build | Farm |
| 19:08 | Build | Farm |
| 19:11 | Build | Farm |
| 19:14 | Build | Farm |
| 19:18 | Build | Farm |
| 19:18 | Queue | Villager (Male) |
| 19:21 | Build | Farm |
| 19:33 | Queue | Villager (Male) |
| 19:33 | Queue | Villager (Male) |
| 19:36 | Build | Farm |
| 19:48 | Build | House |
| 19:49 | Build | House |
| 19:51 | Queue | Villager (Male) |
| 19:52 | Queue | Villager (Male) |
| 19:59 | Build | Farm |
| 20:05 | Build | Farm |
| 20:09 | Build | Farm |
| 20:09 | Queue | Villager (Male) |
| 20:16 | Research | Bow Saw |
| 20:24 | Build | Farm |
| 20:27 | Queue | Villager (Male) |
| 20:51 | Queue | Villager (Male) |
| 20:51 | Queue | Villager (Male) |
| 20:58 | Build | Farm |
| 21:01 | Build | House |
| 21:02 | Build | House |
| 21:04 | Build | House |
| 21:08 | Queue | Villager (Male) |
| 21:15 | Research | Heavy Plow |
| 21:19 | Build | Farm |
| 21:20 | Queue | Villager (Male) |
| 21:46 | Build | Town Center |
| 21:47 | Queue | Villager (Male) |
| 22:01 | Queue | Villager (Male) |
| 22:06 | Build | Farm |
| 22:09 | Queue | Villager (Male) |
| 22:16 | Build | Farm |
| 22:26 | Build | Farm |
| 22:27 | Queue | Villager (Male) |
| 22:27 | Queue | Villager (Male) |
| 22:41 | Build | Farm |
| 22:42 | Queue | Villager (Male) |
| 22:43 | Queue | Villager (Male) |
| 22:47 | Build | Farm |
| 22:59 | Queue | Villager (Male) |
| 22:59 | Queue | Villager (Male) |
| 23:10 | Build | Farm |
| 23:11 | Queue | Villager (Male) |
| 23:11 | Queue | Villager (Male) |
| 23:25 | Build | Farm |
| 23:27 | Build | Farm |
| 23:28 | Build | Farm |
| 23:38 | Build | Farm |
| 23:45 | Build | Farm |
| 23:46 | Queue | Villager (Male) |
| 23:47 | Queue | Villager (Male) |
| 23:51 | Build | Farm |
| 24:01 | Build | Farm |
| 24:02 | Queue | Villager (Male) |
| 24:03 | Queue | Villager (Male) |
| 24:06 | Build | Farm |
| 24:12 | Research | Wheelbarrow |
| 24:24 | Build | Lumber Camp |
| 24:31 | Build | Farm |
| 24:34 | Build | Farm |
| 24:35 | Queue | Villager (Male) |
| 24:35 | Queue | Villager (Male) |
| 24:40 | Build | Farm |
| 24:50 | Queue | Villager (Male) |
| 24:50 | Queue | Villager (Male) |
| 24:59 | Build | Farm |
| 25:17 | Queue | Villager (Male) |
| 25:17 | Queue | Villager (Male) |
| 25:24 | Build | Farm |
| 25:29 | Build | Farm |
| 25:43 | Build | Farm |
| 25:48 | Build | Farm |
| 25:50 | Queue | Villager (Male) |
| 25:52 | Research | Imperial Age |
| 26:08 | Build | Barracks |
| 26:09 | Queue | Villager (Male) |
Build order — PJtheDcoy
First 150 of 548 actions detected
| 0:01 | Queue | Villager (Male) |
| 0:01 | Queue | Villager (Male) |
| 0:02 | Queue | Villager (Male) |
| 0:02 | Queue | Villager (Male) |
| 0:03 | Build | House |
| 0:04 | Build | House |
| 1:24 | Queue | Villager (Male) |
| 1:44 | Build | Lumber Camp |
| 1:51 | Queue | Villager (Male) |
| 2:33 | Queue | Villager (Male) |
| 3:08 | Queue | Villager (Male) |
| 3:08 | Queue | Villager (Male) |
| 3:51 | Queue | Villager (Male) |
| 3:56 | Queue | Villager (Male) |
| 4:12 | Build | House |
| 4:16 | Build | House |
| 4:51 | Queue | Villager (Male) |
| 4:51 | Queue | Villager (Male) |
| 4:54 | Queue | Villager (Male) |
| 5:04 | Queue | Villager (Male) |
| 5:36 | Build | Mining Camp |
| 5:48 | Build | Mill |
| 6:24 | Queue | Villager (Male) |
| 6:25 | Queue | Villager (Male) |
| 6:25 | Queue | Villager (Male) |
| 6:27 | Queue | Villager (Male) |
| 6:54 | Build | Mining Camp |
| 7:52 | Queue | Villager (Male) |
| 7:53 | Queue | Villager (Male) |
| 7:54 | Queue | Villager (Male) |
| 8:47 | Build | Mining Camp |
| 9:07 | Research | Feudal Age |
| 9:59 | Queue | Villager (Male) |
| 9:59 | Queue | Villager (Male) |
| 10:21 | Build | House |
| 11:17 | Age | Feudal Age |
| 11:25 | Build | Market |
| 11:32 | Build | Blacksmith |
| 11:39 | Queue | Villager (Male) |
| 11:39 | Research | Loom |
| 11:50 | Build | House |
| 12:39 | Build | Farm |
| 12:39 | Build | Farm |
| 12:53 | Research | Castle Age |
| 13:22 | Research | Horse Collar |
| 13:43 | Research | Double-Bit Axe |
| 14:17 | Build | Farm |
| 14:17 | Build | Farm |
| 14:18 | Build | Farm |
| 14:18 | Build | Farm |
| 14:20 | Build | Farm |
| 14:21 | Build | Farm |
| 14:37 | Build | Farm |
| 14:55 | Build | Farm |
| 14:58 | Queue | Villager (Male) |
| 14:58 | Queue | Villager (Male) |
| 15:37 | Age | Castle Age |
| 16:01 | Build | Castle |
| 16:03 | Queue | Villager (Male) |
| 16:06 | Build | Farm |
| 16:13 | Queue | Villager (Male) |
| 16:13 | Queue | Villager (Male) |
| 16:50 | Build | House |
| 16:52 | Build | Farm |
| 16:57 | Build | Farm |
| 17:24 | Build | Town Center |
| 17:28 | Queue | Villager (Male) |
| 17:29 | Queue | Villager (Male) |
| 17:31 | Research | Wheelbarrow |
| 18:10 | Build | Siege Workshop |
| 18:14 | Research | Scale Mail Armor |
| 18:15 | Queue | Gbeto |
| 18:15 | Queue | Gbeto |
| 18:16 | Queue | Gbeto |
| 18:27 | Research | Forging |
| 18:35 | Build | Barracks |
| 18:51 | Queue | Gbeto |
| 18:51 | Queue | Gbeto |
| 19:10 | Queue | Villager (Male) |
| 19:17 | Queue | Villager (Male) |
| 19:23 | Queue | Villager (Male) |
| 19:32 | Build | Farm |
| 19:38 | Queue | Gbeto |
| 19:40 | Queue | Battering Ram |
| 19:50 | Queue | Villager (Male) |
| 20:18 | Queue | Gbeto |
| 20:36 | Queue | Villager (Male) |
| 20:36 | Queue | Villager (Male) |
| 20:40 | Build | Farm |
| 20:41 | Build | Farm |
| 20:43 | Build | Farm |
| 20:44 | Build | Farm |
| 20:49 | Queue | Gbeto |
| 20:53 | Research | Gold Mining |
| 20:56 | Queue | Gbeto |
| 21:28 | Queue | Battering Ram |
| 21:31 | Queue | Villager (Male) |
| 21:31 | Queue | Villager (Male) |
| 21:44 | Queue | Gbeto |
| 21:55 | Research | Squires |
| 21:57 | Queue | Gbeto |
| 21:59 | Queue | Villager (Male) |
| 22:00 | Queue | Villager (Male) |
| 22:16 | Queue | Gbeto |
| 22:21 | Queue | Gbeto |
| 22:49 | Queue | Gbeto |
| 22:56 | Queue | Villager (Male) |
| 22:56 | Queue | Villager (Male) |
| 23:02 | Build | House |
| 23:02 | Build | House |
| 23:25 | Queue | Gbeto |
| 23:25 | Queue | Gbeto |
| 23:30 | Queue | Villager (Male) |
| 23:30 | Queue | Villager (Male) |
| 23:30 | Queue | Villager (Male) |
| 23:30 | Queue | Villager (Male) |
| 23:40 | Build | Farm |
| 23:42 | Build | Farm |
| 23:43 | Build | Farm |
| 23:44 | Build | Farm |
| 24:11 | Research | Iron Casting |
| 25:30 | Queue | Gbeto |
| 25:30 | Queue | Gbeto |
| 25:45 | Queue | Villager (Male) ×5 |
| 25:46 | Queue | Villager (Male) |
| 25:53 | Queue | Battering Ram |
| 25:57 | Queue | Gbeto ×5 |
| 26:16 | Build | Farm |
| 26:25 | Build | Town Center |
| 26:28 | Research | Bow Saw |
| 26:30 | Research | Heavy Plow |
| 26:36 | Research | Hand Cart |
| 26:42 | Build | Farm |
| 26:46 | Queue | Villager (Male) |
| 26:55 | Build | House |
| 26:55 | Build | House |
| 26:57 | Build | House |
| 26:57 | Build | House |
| 27:02 | Build | House |
| 27:03 | Build | House |
| 27:04 | Build | House |
| 27:09 | Research | Chain Mail Armor |
| 27:49 | Queue | Villager (Male) ×5 |
| 27:50 | Queue | Villager (Male) |
| 27:52 | Build | House |
| 27:53 | Build | House |
| 28:09 | Build | Farm |
| 28:11 | Build | Farm |
| 28:22 | Research | Arson |
| 29:29 | Build | Stable |
Build order — Trooperone1
First 150 of 1430 actions detected
| 0:00 | Queue | Villager (Male) |
| 0:01 | Queue | Villager (Male) |
| 0:02 | Build | House |
| 0:04 | Build | House |
| 0:04 | Queue | Villager (Male) |
| 0:04 | Queue | Villager (Male) |
| 1:24 | Queue | Villager (Male) |
| 1:49 | Build | Lumber Camp |
| 1:50 | Queue | Villager (Male) |
| 2:28 | Queue | Villager (Male) |
| 2:53 | Queue | Villager (Male) |
| 2:53 | Queue | Villager (Male) |
| 3:01 | Build | House |
| 3:02 | Build | House |
| 3:33 | Queue | Villager (Male) |
| 3:52 | Queue | Villager (Male) |
| 4:18 | Queue | Villager (Male) |
| 4:35 | Build | Mill |
| 4:44 | Queue | Villager (Male) |
| 4:44 | Queue | Villager (Male) |
| 5:13 | Queue | Villager (Male) |
| 5:13 | Queue | Villager (Male) |
| 5:37 | Queue | Villager (Male) |
| 5:37 | Queue | Villager (Male) |
| 5:43 | Queue | Villager (Male) |
| 6:22 | Queue | Villager (Male) |
| 6:25 | Queue | Villager (Male) |
| 6:26 | Queue | Villager (Male) |
| 6:53 | Queue | Villager (Male) |
| 6:53 | Queue | Villager (Male) |
| 6:53 | Queue | Villager (Male) |
| 7:33 | Queue | Villager (Male) |
| 7:34 | Queue | Villager (Male) |
| 7:46 | Queue | Villager (Male) |
| 7:59 | Build | House |
| 8:11 | Queue | Villager (Male) |
| 8:17 | Build | Mining Camp |
| 8:24 | Build | Farm |
| 8:33 | Queue | Villager (Male) |
| 8:39 | Research | Feudal Age |
| 8:54 | Build | Farm |
| 8:57 | Build | Farm |
| 9:35 | Queue | Villager (Male) |
| 9:38 | Queue | Villager (Male) |
| 10:04 | Queue | Villager (Male) |
| 10:15 | Queue | Villager (Male) |
| 10:39 | Queue | Villager (Male) |
| 10:56 | Age | Feudal Age |
| 11:08 | Build | Market |
| 11:12 | Build | Blacksmith |
| 12:03 | Research | Castle Age |
| 12:08 | Research | Double-Bit Axe |
| 12:08 | Research | Horse Collar |
| 12:14 | Queue | Villager (Male) |
| 12:23 | Build | House |
| 13:03 | Build | Lumber Camp |
| 13:20 | Queue | Villager (Male) |
| 13:26 | Research | Gold Mining |
| 13:28 | Research | Stone Mining |
| 13:42 | Queue | Villager (Male) |
| 14:03 | Build | Farm |
| 14:04 | Build | Farm |
| 14:08 | Build | Farm |
| 14:25 | Queue | Villager (Male) |
| 14:32 | Queue | Villager (Male) |
| 14:43 | Age | Castle Age |
| 14:46 | Build | Town Center |
| 14:48 | Queue | Villager (Male) |
| 15:04 | Build | Town Center |
| 15:09 | Queue | Villager (Male) |
| 15:15 | Research | Bow Saw |
| 15:26 | Research | Heavy Plow |
| 15:39 | Build | House |
| 16:12 | Queue | Villager (Male) |
| 16:12 | Queue | Villager (Male) |
| 16:15 | Build | Farm |
| 16:17 | Build | Farm |
| 16:19 | Build | Farm |
| 16:28 | Build | Farm |
| 16:33 | Build | Farm |
| 16:35 | Queue | Villager (Male) |
| 16:35 | Queue | Villager (Male) |
| 16:42 | Build | Farm |
| 16:45 | Build | Farm |
| 16:49 | Build | Farm |
| 16:55 | Build | Farm |
| 16:59 | Queue | Villager (Male) |
| 17:02 | Build | Farm |
| 17:06 | Queue | Villager (Male) |
| 17:08 | Build | Farm |
| 17:18 | Build | Farm |
| 17:27 | Build | Farm |
| 17:27 | Queue | Villager (Male) |
| 17:30 | Build | Farm |
| 17:40 | Queue | Villager (Male) |
| 17:40 | Queue | Villager (Male) |
| 17:44 | Build | Farm |
| 17:54 | Build | Farm |
| 17:55 | Queue | Villager (Male) |
| 17:59 | Queue | Villager (Male) |
| 18:04 | Build | Farm |
| 18:09 | Queue | Villager (Male) |
| 18:09 | Queue | Villager (Male) |
| 18:10 | Queue | Villager (Male) |
| 18:16 | Build | Farm |
| 18:20 | Build | Lumber Camp |
| 18:25 | Queue | Villager (Male) |
| 18:30 | Queue | Villager (Male) |
| 18:32 | Queue | Villager (Male) |
| 18:41 | Queue | Villager (Male) |
| 18:48 | Build | House |
| 18:49 | Build | House |
| 18:54 | Build | House |
| 18:55 | Build | House |
| 18:59 | Research | Wheelbarrow |
| 19:08 | Build | Farm |
| 19:11 | Queue | Villager (Male) |
| 19:12 | Queue | Villager (Male) |
| 19:12 | Queue | Villager (Male) |
| 19:25 | Queue | Villager (Male) |
| 19:31 | Build | Town Center |
| 19:33 | Queue | Villager (Male) |
| 19:48 | Build | Farm |
| 19:55 | Build | House |
| 19:56 | Build | House |
| 20:05 | Build | Siege Workshop |
| 20:07 | Queue | Villager (Male) |
| 20:15 | Build | Mining Camp |
| 20:18 | Queue | Villager (Male) |
| 20:21 | Queue | Villager (Male) |
| 20:25 | Queue | Villager (Male) |
| 20:33 | Build | House |
| 20:36 | Queue | Villager (Male) |
| 20:43 | Research | Gold Shaft Mining |
| 20:45 | Queue | Villager (Male) |
| 20:48 | Queue | Villager (Male) |
| 20:51 | Build | Farm |
| 20:54 | Build | Farm |
| 20:59 | Queue | Villager (Male) |
| 21:11 | Queue | Villager (Male) |
| 21:16 | Queue | Mangonel |
| 21:19 | Queue | Villager (Male) |
| 21:26 | Build | Outpost |
| 21:28 | Queue | Villager (Male) |
| 21:32 | Queue | Villager (Male) |
| 21:35 | Queue | Villager (Male) |
| 21:47 | Queue | Villager (Male) |
| 21:49 | Queue | Mangonel |
| 21:56 | Build | Outpost |
| 21:58 | Research | Town Watch |
Build order — Taulipang
First 150 of 567 actions detected
| 0:01 | Queue | Villager (Male) |
| 0:02 | Queue | Villager (Male) |
| 0:03 | Build | House |
| 0:05 | Build | House |
| 0:20 | Queue | Villager (Male) |
| 0:20 | Queue | Villager (Male) |
| 1:35 | Queue | Villager (Male) |
| 1:48 | Build | Lumber Camp |
| 1:57 | Queue | Villager (Male) |
| 1:57 | Queue | Villager (Male) |
| 2:20 | Queue | Villager (Male) |
| 2:45 | Queue | Villager (Male) |
| 3:02 | Build | House |
| 3:15 | Queue | Villager (Male) |
| 3:36 | Queue | Villager (Male) |
| 3:58 | Build | Mining Camp |
| 4:12 | Queue | Villager (Male) |
| 4:30 | Queue | Villager (Male) |
| 5:10 | Queue | Villager (Male) |
| 5:11 | Queue | Villager (Male) |
| 5:29 | Build | House |
| 5:54 | Queue | Villager (Male) |
| 5:55 | Queue | Villager (Male) |
| 6:30 | Queue | Villager (Male) |
| 6:30 | Queue | Villager (Male) |
| 7:26 | Build | Mill |
| 7:38 | Queue | Villager (Male) |
| 7:38 | Queue | Villager (Male) |
| 8:02 | Build | Mining Camp |
| 8:26 | Queue | Villager (Male) |
| 8:59 | Research | Feudal Age |
| 9:36 | Build | House |
| 9:49 | Queue | Villager (Male) |
| 9:49 | Queue | Villager (Male) |
| 11:09 | Age | Feudal Age |
| 11:11 | Build | Market |
| 11:17 | Build | Blacksmith |
| 12:08 | Queue | Villager (Male) |
| 12:17 | Build | Lumber Camp |
| 12:29 | Build | House |
| 12:44 | Research | Castle Age |
| 12:46 | Research | Loom |
| 13:11 | Research | Double-Bit Axe |
| 13:20 | Research | Horse Collar |
| 13:44 | Build | Farm |
| 13:46 | Build | Farm |
| 13:50 | Build | Farm |
| 14:07 | Build | Farm |
| 14:56 | Build | Outpost |
| 15:12 | Queue | Villager (Male) |
| 15:24 | Age | Castle Age |
| 15:30 | Build | Castle |
| 15:41 | Build | Siege Workshop |
| 15:53 | Research | Bow Saw |
| 16:00 | Research | Town Watch |
| 16:02 | Queue | Villager (Male) |
| 16:23 | Build | Town Center |
| 16:34 | Queue | Villager (Male) |
| 17:11 | Queue | Villager (Male) |
| 17:42 | Build | Town Center |
| 17:50 | Queue | Villager (Male) |
| 18:00 | Queue | Villager (Male) |
| 18:06 | Build | Farm |
| 18:07 | Build | Farm |
| 18:07 | Build | Farm |
| 18:16 | Queue | Villager (Male) |
| 18:20 | Build | Farm |
| 18:38 | Queue | Villager (Male) |
| 18:38 | Queue | Villager (Male) |
| 18:51 | Queue | Mangonel |
| 19:09 | Queue | Mangonel |
| 19:17 | Queue | Villager (Male) |
| 19:46 | Queue | Genoese Crossbowman |
| 19:46 | Queue | Genoese Crossbowman |
| 19:46 | Queue | Genoese Crossbowman |
| 19:47 | Queue | Genoese Crossbowman |
| 19:48 | Queue | Villager (Male) |
| 19:49 | Queue | Villager (Male) |
| 20:06 | Queue | Genoese Crossbowman |
| 20:15 | Queue | Villager (Male) |
| 20:28 | Build | University |
| 20:35 | Research | Fletching |
| 20:42 | Build | Farm |
| 20:47 | Build | Farm |
| 20:54 | Build | Farm |
| 20:56 | Queue | Villager (Male) |
| 21:09 | Build | Farm |
| 21:10 | Build | Farm |
| 21:11 | Build | Farm |
| 21:11 | Build | Farm |
| 21:17 | Queue | Villager (Male) |
| 21:25 | Build | Farm |
| 21:30 | Build | Farm |
| 21:32 | Build | Farm |
| 21:52 | Queue | Genoese Crossbowman |
| 21:52 | Queue | Genoese Crossbowman |
| 21:52 | Queue | Genoese Crossbowman |
| 21:52 | Queue | Genoese Crossbowman |
| 21:53 | Queue | Genoese Crossbowman |
| 21:55 | Queue | Villager (Male) |
| 21:56 | Queue | Villager (Male) |
| 21:56 | Queue | Villager (Male) |
| 22:06 | Build | Farm |
| 22:09 | Build | Farm |
| 22:14 | Build | House |
| 22:15 | Build | House |
| 22:15 | Build | House |
| 22:16 | Build | House |
| 22:21 | Research | Gold Mining |
| 22:45 | Queue | Villager (Male) |
| 22:45 | Queue | Villager (Male) |
| 22:46 | Queue | Villager (Male) |
| 23:06 | Build | Town Center |
| 23:13 | Queue | Villager (Male) |
| 23:13 | Queue | Villager (Male) |
| 23:13 | Queue | Villager (Male) |
| 23:18 | Build | Farm |
| 23:21 | Build | Farm |
| 23:30 | Build | Barracks |
| 23:33 | Queue | Villager (Male) |
| 23:33 | Queue | Villager (Male) |
| 23:34 | Queue | Villager (Male) |
| 23:54 | Queue | Villager (Male) |
| 23:54 | Queue | Villager (Male) |
| 23:54 | Queue | Villager (Male) |
| 24:29 | Build | Archery Range |
| 24:30 | Build | Archery Range |
| 24:32 | Research | Wheelbarrow |
| 24:47 | Build | Mining Camp |
| 24:59 | Queue | Villager (Male) |
| 25:00 | Queue | Villager (Male) |
| 25:00 | Queue | Villager (Male) |
| 25:00 | Queue | Villager (Male) |
| 25:01 | Queue | Villager (Male) |
| 25:01 | Queue | Villager (Male) |
| 25:01 | Queue | Villager (Male) |
| 25:01 | Queue | Villager (Male) |
| 25:33 | Build | Archery Range |
| 25:34 | Build | Archery Range |
| 25:51 | Build | Farm |
| 25:59 | Build | House |
| 25:59 | Build | House |
| 26:00 | Build | House |
| 26:01 | Build | House |
| 27:00 | Build | Farm |
| 27:03 | Build | Farm |
| 27:05 | Research | Imperial Age |
| 27:09 | Build | Farm |
| 27:12 | Build | Farm |
| 27:14 | Queue | Villager (Male) |
Build order — Quando
First 150 of 850 actions detected
| 0:00 | Queue | Villager (Male) |
| 0:01 | Queue | Villager (Male) |
| 0:01 | Queue | Villager (Male) |
| 0:02 | Build | House |
| 0:03 | Build | House |
| 0:19 | Queue | Villager (Male) |
| 1:25 | Queue | Villager (Male) |
| 2:04 | Queue | Villager (Male) |
| 2:13 | Build | Lumber Camp |
| 2:18 | Queue | Villager (Male) |
| 2:48 | Queue | Villager (Male) |
| 3:00 | Queue | Villager (Male) |
| 3:00 | Queue | Villager (Male) |
| 3:35 | Queue | Villager (Male) |
| 3:42 | Queue | Villager (Male) |
| 3:49 | Build | House |
| 3:50 | Build | House |
| 3:51 | Build | House |
| 4:04 | Queue | Villager (Male) |
| 5:01 | Queue | Villager (Male) |
| 5:16 | Build | Mill |
| 5:26 | Research | Loom |
| 5:28 | Queue | Villager (Male) |
| 5:41 | Queue | Villager (Male) |
| 5:46 | Queue | Villager (Male) |
| 5:58 | Queue | Villager (Male) |
| 6:11 | Queue | Villager (Male) |
| 6:22 | Queue | Villager (Male) |
| 6:53 | Queue | Villager (Male) |
| 7:16 | Build | Farm |
| 7:18 | Build | Farm |
| 7:32 | Queue | Villager (Male) |
| 8:09 | Research | Feudal Age |
| 8:30 | Build | Mining Camp |
| 9:06 | Queue | Villager (Male) |
| 9:07 | Queue | Villager (Male) |
| 10:58 | Age | Feudal Age |
| 10:59 | Build | Market |
| 11:01 | Build | Blacksmith |
| 11:30 | Build | House |
| 11:31 | Build | House |
| 11:48 | Research | Castle Age |
| 11:48 | Research | Castle Age |
| 12:04 | Research | Double-Bit Axe |
| 12:46 | Queue | Villager (Male) |
| 12:49 | Research | Horse Collar |
| 13:45 | Build | House |
| 13:47 | Build | House |
| 13:59 | Build | Farm |
| 13:59 | Build | Farm |
| 14:04 | Build | Farm |
| 14:28 | Age | Castle Age |
| 14:29 | Build | Town Center |
| 14:34 | Build | Town Center |
| 14:35 | Queue | Villager (Male) |
| 14:40 | Build | Monastery |
| 15:02 | Research | Bow Saw |
| 15:19 | Queue | Villager (Male) |
| 15:23 | Queue | Monk |
| 15:28 | Build | House |
| 15:30 | Build | House |
| 15:31 | Queue | Villager (Male) |
| 15:32 | Queue | Villager (Male) |
| 15:43 | Queue | Monk |
| 15:46 | Queue | Villager (Male) |
| 15:47 | Queue | Villager (Male) |
| 16:03 | Build | Farm |
| 16:05 | Queue | Villager (Male) |
| 16:05 | Queue | Villager (Male) |
| 16:06 | Queue | Villager (Male) |
| 16:10 | Build | Farm |
| 16:14 | Build | Farm |
| 16:34 | Build | House |
| 16:34 | Build | House |
| 16:39 | Build | Farm |
| 16:40 | Build | Farm |
| 16:43 | Build | Farm |
| 16:44 | Queue | Villager (Male) |
| 16:44 | Queue | Villager (Male) |
| 16:57 | Queue | Villager (Male) |
| 17:02 | Build | Farm |
| 17:04 | Build | Farm |
| 17:07 | Build | Farm |
| 17:10 | Queue | Villager (Male) |
| 17:10 | Queue | Villager (Male) |
| 17:11 | Research | Loom |
| 17:14 | Build | Farm |
| 17:20 | Build | Farm |
| 17:22 | Build | Farm |
| 17:29 | Queue | Monk |
| 17:48 | Queue | Villager (Male) |
| 17:49 | Queue | Villager (Male) |
| 17:49 | Queue | Villager (Male) |
| 17:51 | Build | Barracks |
| 17:56 | Build | Farm |
| 18:00 | Build | Farm |
| 18:01 | Queue | Villager (Male) |
| 18:01 | Queue | Villager (Male) |
| 18:03 | Build | House |
| 18:04 | Queue | Villager (Male) |
| 18:04 | Queue | Villager (Male) |
| 18:11 | Queue | Villager (Male) |
| 18:18 | Queue | Villager (Male) |
| 18:18 | Queue | Villager (Male) |
| 18:23 | Build | Farm |
| 18:25 | Build | Farm |
| 18:28 | Build | Farm |
| 18:35 | Build | House |
| 18:36 | Build | House |
| 18:40 | Build | Outpost |
| 18:41 | Build | Outpost |
| 18:43 | Build | Outpost |
| 18:43 | Queue | Villager (Male) |
| 18:44 | Queue | Villager (Male) |
| 18:44 | Queue | Villager (Male) |
| 18:44 | Queue | Villager (Male) |
| 18:55 | Queue | Spearman |
| 19:12 | Queue | Villager (Male) |
| 19:12 | Queue | Villager (Male) |
| 19:13 | Queue | Villager (Male) |
| 19:25 | Queue | Villager (Male) |
| 19:26 | Queue | Villager (Male) |
| 19:54 | Queue | Villager (Male) |
| 19:54 | Queue | Villager (Male) |
| 19:54 | Queue | Villager (Male) |
| 20:05 | Queue | Monk |
| 20:05 | Queue | Villager (Male) |
| 20:06 | Queue | Villager (Male) |
| 20:14 | Build | Mining Camp |
| 20:16 | Build | Farm |
| 20:17 | Build | Farm |
| 20:19 | Research | Heavy Plow |
| 20:20 | Queue | Villager (Male) |
| 20:21 | Queue | Villager (Male) |
| 20:24 | Build | Mill |
| 20:25 | Build | Farm |
| 20:25 | Build | Farm |
| 20:25 | Build | Farm |
| 20:25 | Build | Farm |
| 20:25 | Build | Farm |
| 20:26 | Build | Farm |
| 20:26 | Build | Farm |
| 20:34 | Queue | Villager (Male) |
| 20:34 | Queue | Villager (Male) |
| 20:41 | Research | Fervor |
| 20:46 | Build | Farm |
| 20:46 | Build | Farm |
| 20:47 | Build | Farm |
| 20:48 | Queue | Villager (Male) |
| 20:49 | Queue | Villager (Male) |
Build order — Fingon
First 150 of 1375 actions detected
| 0:01 | Queue | Villager (Male) |
| 0:01 | Queue | Villager (Male) |
| 0:01 | Queue | Villager (Male) |
| 0:02 | Queue | Villager (Male) |
| 0:03 | Build | House |
| 0:04 | Build | House |
| 1:35 | Queue | Villager (Male) |
| 1:45 | Build | Lumber Camp |
| 1:56 | Queue | Villager (Male) |
| 2:10 | Queue | Villager (Male) |
| 2:28 | Queue | Villager (Male) |
| 2:56 | Queue | Villager (Male) |
| 2:56 | Queue | Villager (Male) |
| 3:25 | Build | House |
| 3:26 | Build | House |
| 3:30 | Queue | Villager (Male) |
| 3:56 | Build | Mill |
| 4:03 | Queue | Villager (Male) |
| 4:23 | Queue | Villager (Male) |
| 4:54 | Queue | Villager (Male) |
| 4:55 | Queue | Villager (Male) |
| 4:57 | Build | House |
| 5:12 | Queue | Villager (Male) |
| 5:40 | Queue | Villager (Male) |
| 5:41 | Queue | Villager (Male) |
| 6:15 | Queue | Villager (Male) |
| 6:15 | Queue | Villager (Male) |
| 6:15 | Queue | Villager (Male) |
| 6:21 | Build | Lumber Camp |
| 6:29 | Queue | Villager (Male) |
| 6:29 | Queue | Villager (Male) |
| 6:53 | Queue | Villager (Male) |
| 6:53 | Queue | Villager (Male) |
| 6:54 | Queue | Villager (Male) |
| 7:20 | Queue | Villager (Male) |
| 7:25 | Build | Mining Camp |
| 7:34 | Queue | Villager (Male) |
| 7:48 | Queue | Villager (Male) |
| 8:19 | Build | Farm |
| 8:21 | Build | Farm |
| 8:46 | Queue | Villager (Male) |
| 8:51 | Build | Mining Camp |
| 9:08 | Research | Feudal Age |
| 10:48 | Build | House |
| 11:21 | Age | Feudal Age |
| 11:24 | Build | Blacksmith |
| 11:26 | Build | Market |
| 11:53 | Queue | Villager (Male) |
| 12:20 | Research | Castle Age |
| 12:29 | Research | Double-Bit Axe |
| 13:03 | Research | Horse Collar |
| 13:04 | Research | Loom |
| 14:21 | Queue | Villager (Male) |
| 15:00 | Age | Castle Age |
| 15:05 | Queue | Villager (Male) |
| 15:09 | Research | Bow Saw |
| 15:13 | Build | Town Center |
| 15:16 | Build | Farm |
| 15:16 | Build | Farm |
| 15:17 | Build | Farm |
| 15:17 | Build | Farm |
| 15:17 | Build | Farm |
| 15:23 | Research | Heavy Plow |
| 15:28 | Build | Town Center |
| 15:42 | Build | Farm |
| 15:55 | Queue | Villager (Male) |
| 15:59 | Build | Farm |
| 16:07 | Build | Farm |
| 16:08 | Queue | Villager (Male) |
| 16:28 | Research | Wheelbarrow |
| 16:33 | Build | Farm |
| 16:36 | Build | Farm |
| 16:54 | Build | Farm |
| 16:59 | Build | Farm |
| 17:02 | Queue | Villager (Male) |
| 17:02 | Queue | Villager (Male) |
| 17:05 | Queue | Villager (Male) |
| 17:14 | Build | Farm |
| 17:23 | Build | Farm |
| 17:29 | Queue | Villager (Male) |
| 17:30 | Queue | Villager (Male) |
| 17:32 | Queue | Villager (Male) |
| 17:32 | Queue | Villager (Male) |
| 17:38 | Build | Farm |
| 17:42 | Queue | Villager (Male) |
| 17:54 | Build | Farm |
| 18:01 | Queue | Villager (Male) |
| 18:01 | Queue | Villager (Male) |
| 18:03 | Build | Farm |
| 18:12 | Build | Farm |
| 18:13 | Queue | Villager (Male) |
| 18:18 | Build | House |
| 18:19 | Build | House |
| 18:20 | Queue | Villager (Male) |
| 18:24 | Queue | Villager (Male) |
| 18:40 | Build | Farm |
| 18:41 | Queue | Villager (Male) |
| 18:45 | Queue | Villager (Male) |
| 18:49 | Queue | Villager (Male) |
| 18:55 | Queue | Villager (Male) |
| 18:57 | Build | Farm |
| 19:08 | Queue | Villager (Male) |
| 19:10 | Build | Farm |
| 19:17 | Queue | Villager (Male) |
| 19:21 | Queue | Villager (Male) |
| 19:26 | Queue | Villager (Male) |
| 19:27 | Queue | Villager (Male) |
| 19:30 | Build | Town Center |
| 19:32 | Queue | Villager (Male) |
| 19:35 | Build | Farm |
| 19:43 | Build | House |
| 19:45 | Build | House |
| 19:46 | Queue | Villager (Male) |
| 19:51 | Queue | Villager (Male) |
| 19:58 | Build | Farm |
| 19:59 | Queue | Villager (Male) |
| 20:01 | Build | Farm |
| 20:01 | Queue | Villager (Male) |
| 20:05 | Queue | Villager (Male) |
| 20:12 | Build | Farm |
| 20:13 | Queue | Villager (Male) |
| 20:18 | Build | Farm |
| 20:22 | Build | Farm |
| 20:23 | Queue | Villager (Male) |
| 20:31 | Build | Farm |
| 20:32 | Queue | Villager (Male) |
| 20:35 | Build | House |
| 20:36 | Build | House |
| 20:37 | Queue | Villager (Male) |
| 20:39 | Queue | Villager (Male) |
| 20:43 | Queue | Villager (Male) |
| 20:55 | Queue | Villager (Male) |
| 20:58 | Queue | Villager (Male) |
| 21:06 | Research | Hand Cart |
| 21:06 | Research | Hand Cart |
| 21:06 | Research | Hand Cart |
| 21:13 | Queue | Villager (Male) |
| 21:22 | Build | Farm |
| 21:24 | Build | Farm |
| 21:25 | Build | Farm |
| 21:26 | Queue | Villager (Male) |
| 21:28 | Build | House |
| 21:28 | Build | House |
| 21:28 | Build | House |
| 21:29 | Build | House |
| 21:29 | Build | House |
| 21:31 | Queue | Villager (Male) |
| 21:38 | Queue | Villager (Male) |
| 21:40 | Queue | Villager (Male) |
| 21:40 | Queue | Villager (Male) |
Build order — Fr4ggi
First 150 of 500 actions detected
| 0:02 | Queue | Villager (Male) |
| 0:05 | Build | House |
| 0:08 | Build | House |
| 0:42 | Queue | Villager (Male) |
| 1:03 | Queue | Villager (Male) |
| 1:13 | Queue | Villager (Male) |
| 1:42 | Queue | Villager (Male) |
| 2:00 | Build | Lumber Camp |
| 2:11 | Queue | Villager (Male) |
| 2:25 | Queue | Villager (Male) |
| 2:45 | Queue | Villager (Male) |
| 3:30 | Queue | Villager (Male) |
| 3:35 | Queue | Villager (Male) |
| 4:25 | Build | Mill |
| 4:31 | Queue | Villager (Male) |
| 4:31 | Queue | Villager (Male) |
| 4:38 | Build | House |
| 4:45 | Queue | Villager (Male) |
| 5:45 | Queue | Villager (Male) |
| 6:47 | Queue | Villager (Male) |
| 6:47 | Queue | Villager (Male) |
| 7:02 | Build | House |
| 7:23 | Queue | Villager (Male) |
| 7:45 | Queue | Villager (Male) |
| 8:02 | Build | Farm |
| 8:06 | Build | Farm |
| 8:08 | Queue | Villager (Male) |
| 8:28 | Queue | Villager (Male) |
| 8:52 | Queue | Villager (Male) |
| 8:55 | Research | Feudal Age |
| 9:17 | Build | Mining Camp |
| 10:20 | Build | House |
| 10:26 | Build | Barracks |
| 10:34 | Build | Farm |
| 10:40 | Queue | Villager (Male) |
| 11:37 | Age | Feudal Age |
| 11:54 | Build | Stable |
| 11:56 | Queue | Villager (Male) |
| 12:02 | Build | Farm |
| 12:13 | Queue | Villager (Male) |
| 12:26 | Build | House |
| 12:28 | Queue | Villager (Male) |
| 12:48 | Build | Farm |
| 12:50 | Build | Farm |
| 13:05 | Build | Farm |
| 13:15 | Build | Farm |
| 13:17 | Queue | Villager (Male) |
| 13:27 | Build | Blacksmith |
| 13:34 | Queue | Villager (Male) |
| 13:44 | Build | Farm |
| 14:10 | Build | Farm |
| 14:18 | Build | Lumber Camp |
| 14:27 | Queue | Villager (Male) |
| 14:30 | Research | Castle Age |
| 14:33 | Queue | Villager (Male) |
| 14:47 | Research | Double-Bit Axe |
| 14:55 | Research | Bloodlines |
| 14:59 | Research | Horse Collar |
| 15:14 | Build | House |
| 15:53 | Queue | Villager (Male) |
| 16:03 | Research | Scale Barding Armor |
| 16:14 | Research | Forging |
| 16:18 | Queue | Villager (Male) |
| 16:57 | Age | Castle Age |
| 16:59 | Build | Farm |
| 17:00 | Build | Farm |
| 17:04 | Queue | Knight |
| 17:25 | Queue | Villager (Male) |
| 17:36 | Build | Town Center |
| 17:40 | Queue | Villager (Male) |
| 17:40 | Queue | Villager (Male) |
| 17:46 | Research | Bow Saw |
| 17:49 | Build | Farm |
| 17:52 | Queue | Villager (Male) |
| 18:12 | Build | Farm |
| 18:33 | Queue | Knight |
| 18:54 | Queue | Villager (Male) |
| 19:01 | Queue | Knight |
| 19:54 | Build | House |
| 19:56 | Build | House |
| 19:57 | Build | House |
| 19:58 | Build | House |
| 20:05 | Queue | Villager (Male) |
| 20:05 | Queue | Villager (Male) |
| 20:09 | Research | Wheelbarrow |
| 20:09 | Queue | Villager (Male) |
| 20:10 | Queue | Villager (Male) |
| 20:20 | Research | Heavy Plow |
| 20:24 | Queue | Knight |
| 20:34 | Build | Farm |
| 20:35 | Build | Farm |
| 20:43 | Build | Farm |
| 20:50 | Build | Farm |
| 20:52 | Queue | Villager (Male) |
| 20:59 | Build | Farm |
| 21:02 | Build | Mining Camp |
| 21:12 | Build | Lumber Camp |
| 21:18 | Build | Farm |
| 21:19 | Queue | Villager (Male) |
| 21:20 | Queue | Villager (Male) |
| 21:26 | Research | Stone Mining |
| 21:33 | Build | House |
| 21:37 | Queue | Villager (Male) |
| 21:37 | Queue | Villager (Male) |
| 21:45 | Build | House |
| 21:52 | Build | Farm |
| 21:54 | Queue | Villager (Male) |
| 22:02 | Queue | Villager (Male) |
| 22:15 | Build | Farm |
| 22:18 | Queue | Villager (Male) |
| 22:26 | Research | Husbandry |
| 22:38 | Queue | Villager (Male) |
| 22:54 | Build | Town Center |
| 22:59 | Queue | Villager (Male) |
| 23:00 | Queue | Villager (Male) |
| 23:02 | Queue | Villager (Male) |
| 23:04 | Queue | Knight |
| 23:15 | Research | Gold Mining |
| 23:21 | Build | Farm |
| 23:26 | Queue | Villager (Male) |
| 23:35 | Queue | Knight |
| 23:42 | Build | Stable |
| 23:46 | Research | Stone Shaft Mining |
| 23:50 | Research | Gold Shaft Mining |
| 23:52 | Queue | Villager (Male) |
| 24:02 | Queue | Villager (Male) |
| 24:10 | Build | Farm |
| 24:15 | Queue | Villager (Male) |
| 24:19 | Queue | Villager (Male) |
| 24:21 | Queue | Knight |
| 24:33 | Build | Farm |
| 24:36 | Queue | Villager (Male) |
| 24:40 | Build | Farm |
| 24:52 | Build | House |
| 24:53 | Build | House |
| 25:01 | Research | Hand Cart |
| 25:02 | Queue | Villager (Male) |
| 25:03 | Queue | Villager (Male) |
| 25:11 | Build | Farm |
| 25:13 | Build | Farm |
| 25:15 | Build | Farm |
| 25:16 | Build | Farm |
| 25:18 | Queue | Villager (Male) |
| 25:25 | Build | Farm |
| 25:29 | Build | Farm |
| 25:31 | Queue | Villager (Male) |
| 25:47 | Build | Farm |
| 25:50 | Queue | Villager (Male) |
| 25:51 | Queue | Villager (Male) |
| 25:51 | Queue | Villager (Male) |
Build order — DarkHorse
First 150 of 500 actions detected
| 0:00 | Queue | Villager (Male) |
| 0:01 | Queue | Villager (Male) |
| 0:01 | Queue | Villager (Male) |
| 0:02 | Build | House |
| 0:04 | Build | House |
| 0:19 | Queue | Villager (Male) |
| 1:32 | Queue | Villager (Male) |
| 1:50 | Build | Lumber Camp |
| 2:14 | Build | House |
| 2:17 | Queue | Villager (Male) |
| 2:47 | Queue | Villager (Male) |
| 3:11 | Queue | Villager (Male) |
| 3:12 | Queue | Villager (Male) |
| 3:57 | Queue | Villager (Male) |
| 3:57 | Queue | Villager (Male) |
| 5:04 | Queue | Villager (Male) |
| 5:05 | Queue | Villager (Male) |
| 5:08 | Queue | Villager (Male) |
| 5:34 | Queue | Villager (Male) |
| 5:34 | Queue | Villager (Male) |
| 6:29 | Build | House |
| 7:23 | Queue | Villager (Male) |
| 7:32 | Queue | Villager (Male) |
| 7:56 | Build | Mining Camp |
| 8:14 | Queue | Villager (Male) |
| 8:35 | Research | Feudal Age |
| 8:45 | Build | Mill |
| 9:55 | Build | Farm |
| 9:58 | Build | Farm |
| 10:39 | Queue | Villager (Male) |
| 10:39 | Queue | Villager (Male) |
| 10:49 | Age | Feudal Age |
| 10:57 | Build | Farm |
| 10:59 | Build | Farm |
| 11:19 | Build | Farm |
| 11:33 | Build | House |
| 11:47 | Queue | Villager (Male) |
| 11:48 | Research | Loom |
| 11:50 | Queue | Villager (Male) |
| 11:56 | Build | Market |
| 12:01 | Build | Blacksmith |
| 12:04 | Queue | Villager (Male) |
| 12:24 | Queue | Villager (Male) |
| 12:43 | Build | Mining Camp |
| 13:05 | Queue | Villager (Male) |
| 13:10 | Build | Farm |
| 13:14 | Build | Farm |
| 13:32 | Queue | Villager (Male) |
| 13:45 | Build | House |
| 13:46 | Build | House |
| 13:50 | Research | Castle Age |
| 14:15 | Queue | Villager (Male) |
| 14:21 | Build | Barracks |
| 14:28 | Build | House |
| 15:00 | Build | Lumber Camp |
| 15:24 | Build | Farm |
| 15:30 | Build | Farm |
| 15:33 | Queue | Villager (Male) |
| 15:36 | Research | Double-Bit Axe |
| 15:40 | Research | Gold Mining |
| 16:18 | Build | House |
| 16:37 | Age | Castle Age |
| 16:58 | Build | Town Center |
| 17:04 | Queue | Villager (Male) |
| 17:09 | Build | Farm |
| 17:12 | Queue | Villager (Male) |
| 18:10 | Build | Farm |
| 18:11 | Queue | Villager (Male) |
| 18:23 | Queue | Villager (Male) |
| 18:24 | Queue | Villager (Male) |
| 18:24 | Queue | Villager (Male) |
| 18:29 | Build | Farm |
| 18:31 | Queue | Villager (Male) |
| 18:46 | Queue | Villager (Male) |
| 18:56 | Build | Town Center |
| 19:00 | Research | Wheelbarrow |
| 19:01 | Queue | Villager (Male) ×5 |
| 19:01 | Queue | Villager (Male) |
| 19:02 | Queue | Villager (Male) |
| 19:04 | Queue | Villager (Male) |
| 19:09 | Queue | Villager (Male) |
| 19:31 | Queue | Villager (Male) ×5 |
| 19:31 | Queue | Villager (Male) |
| 19:47 | Build | House |
| 19:48 | Build | House |
| 19:52 | Build | Stable |
| 20:54 | Build | Stable |
| 20:57 | Queue | Villager (Male) |
| 20:57 | Queue | Villager (Male) |
| 20:59 | Queue | Villager (Male) |
| 20:59 | Queue | Villager (Male) |
| 20:59 | Queue | Villager (Male) |
| 21:08 | Build | Farm |
| 21:09 | Build | Farm |
| 21:15 | Queue | Villager (Male) |
| 21:19 | Queue | Villager (Male) |
| 21:31 | Build | Farm |
| 21:32 | Research | Bow Saw |
| 21:35 | Build | Farm |
| 21:41 | Build | House |
| 21:43 | Build | House |
| 22:33 | Build | Farm |
| 22:35 | Build | Farm |
| 22:37 | Research | Husbandry |
| 22:43 | Queue | Knight ×5 |
| 22:43 | Queue | Knight ×5 |
| 22:50 | Queue | Villager (Male) |
| 23:11 | Queue | Villager (Male) |
| 23:22 | Build | Farm |
| 23:37 | Queue | Villager (Male) |
| 23:38 | Queue | Villager (Male) |
| 23:40 | Queue | Villager (Male) ×4 |
| 23:40 | Queue | Villager (Male) |
| 23:46 | Build | Farm |
| 24:11 | Queue | Knight ×3 |
| 24:28 | Queue | Knight ×3 |
| 24:31 | Queue | Villager (Male) |
| 24:44 | Research | Scale Barding Armor |
| 24:47 | Build | Lumber Camp |
| 24:50 | Build | Lumber Camp |
| 24:56 | Queue | Villager (Male) |
| 24:56 | Queue | Villager (Male) |
| 24:57 | Queue | Villager (Male) |
| 25:01 | Queue | Villager (Male) |
| 25:45 | Research | Hand Cart |
| 25:54 | Build | House |
| 25:55 | Build | House |
| 26:02 | Research | Town Watch |
| 26:03 | Queue | Villager (Male) |
| 26:06 | Build | Farm |
| 26:11 | Build | Farm |
| 26:16 | Build | House |
| 26:16 | Build | House |
| 26:17 | Build | House |
| 26:18 | Build | House |
| 26:19 | Build | House |
| 26:23 | Build | Farm |
| 26:29 | Build | Farm |
| 26:33 | Research | Chain Barding Armor |
| 26:50 | Build | House |
| 26:50 | Build | House |
| 26:54 | Build | Stable |
| 26:58 | Build | Monastery |
| 27:02 | Queue | Villager (Male) |
| 27:02 | Queue | Villager (Male) |
| 27:22 | Build | University |
| 27:33 | Queue | Villager (Male) |
| 27:35 | Queue | Villager (Male) |
| 27:35 | Queue | Villager (Male) |
| 27:42 | Build | Farm |
Match timeline
| 10:26 | Fr4ggi · first_building Barracks |
| 10:49 | DarkHorse · age_up feudal |
| 10:56 | Trooperone1 · age_up feudal |
| 10:58 | Quando · age_up feudal |
| 11:09 | Taulipang · age_up feudal |
| 11:17 | PJtheDcoy · age_up feudal |
| 11:21 | Fingon · age_up feudal |
| 11:37 | Fr4ggi · age_up feudal |
| 11:54 | Fr4ggi · first_building Stable |
| 12:03 | Trooperone1 · first_market_sell 100 stone |
| 12:07 | Relief · age_up feudal |
| 14:21 | DarkHorse · first_building Barracks |
| 14:28 | Quando · age_up castle |
| 14:40 | Quando · first_building Monastery |
| 14:43 | Trooperone1 · age_up castle |
| 15:00 | Fingon · age_up castle |
| 15:24 | Taulipang · age_up castle |
| 15:30 | Taulipang · first_building Castle |
| 15:37 | PJtheDcoy · age_up castle |
| 15:41 | Taulipang · first_building Siege Workshop |
| 15:43 | Relief · age_up castle |
| 15:52 | Relief · first_building Monastery |
| 16:01 | PJtheDcoy · first_building Castle |
| 16:14 | Relief · first_building Castle |
| 16:37 | DarkHorse · age_up castle |
| 16:57 | Fr4ggi · age_up castle |
| 17:51 | Quando · first_building Barracks |
| 18:10 | PJtheDcoy · first_building Siege Workshop |
| 18:35 | PJtheDcoy · first_building Barracks |
| 19:52 | DarkHorse · first_building Stable |
| 20:05 | Trooperone1 · first_building Siege Workshop |
| 22:12 | Fingon · first_building Barracks |
| 22:32 | Trooperone1 · first_building Barracks |
| 22:36 | Fingon · first_market_sell 100 wood |
| 22:38 | Fingon · first_market_buy 100 stone |
| 23:01 | Fingon · first_building Castle |
| 23:27 | Trooperone1 · first_building Stable |
| 23:30 | Taulipang · first_building Barracks |
| 24:11 | Fingon · first_building Siege Workshop |
| 24:29 | Taulipang · first_building Archery Range |
| 24:37 | DarkHorse · first_market_sell 100 wood |
| 24:40 | DarkHorse · first_market_buy 100 food |
| 24:49 | Quando · first_building Siege Workshop |
| 24:59 | Trooperone1 · first_market_buy 100 food |
| 25:08 | Trooperone1 · first_building Castle |
| 25:35 | Trooperone1 · first_building Monastery |
| 25:54 | Fingon · first_building Archery Range |
| 26:08 | Relief · first_building Barracks |
| 26:12 | Fr4ggi · first_building Siege Workshop |
| 26:43 | Quando · first_building Castle |
| 26:58 | DarkHorse · first_building Monastery |
| 27:31 | Fingon · first_building Stable |
| 27:37 | Relief · first_building Stable |
| 28:09 | Quando · age_up imperial |
| 28:37 | Fingon · age_up imperial |
| 29:09 | Trooperone1 · age_up imperial |
| 29:13 | Relief · age_up imperial |
| 29:29 | PJtheDcoy · first_building Stable |
| 29:51 | DarkHorse · first_building Castle |
| 30:15 | Taulipang · age_up imperial |
| 30:39 | PJtheDcoy · first_building Archery Range |
| 31:16 | Fr4ggi · age_up imperial |
| 31:17 | Quando · first_market_sell 100 stone |
| 31:57 | DarkHorse · age_up imperial |
| 33:11 | PJtheDcoy · age_up imperial |
| 34:04 | DarkHorse · first_building Siege Workshop |
| 34:11 | Fr4ggi · first_market_sell 500 wood |
| 35:24 | Fr4ggi · first_building Castle |
| 38:19 | Fingon · wall_segment Stone Wall x13 |
| 38:20 | Fingon · wall_segment Stone Wall x9 |
| 39:00 | Quando · first_market_buy 500 wood |
| 39:59 | Fingon · wall_segment Stone Wall x10 |
| 40:26 | Fingon · wall_segment Stone Wall x5 |
| 40:29 | Fingon · wall_segment Stone Wall x22 |
| 40:32 | Fingon · wall_segment Stone Wall x1 |
| 42:21 | Fingon · wall_segment Stone Wall x15 |
| 44:16 | Fingon · wall_segment Stone Wall x11 |
| 44:24 | Fingon · wall_segment Stone Wall x11 |
| 44:27 | Fingon · wall_segment Stone Wall x4 |
| 48:03 | DarkHorse · tribute_sent a jugador 1 |
| 48:03 | DarkHorse · tribute_sent a jugador 2 |
| 48:03 | DarkHorse · tribute_sent a jugador 3 |
| 48:03 | DarkHorse · tribute_sent a jugador 4 |
| 48:03 | DarkHorse · tribute_sent a jugador 5 |
| 48:03 | DarkHorse · tribute_sent a jugador 6 |
| 48:03 | DarkHorse · tribute_sent a jugador 7 |
| 48:03 | Taulipang · tribute_sent a jugador 1 |
| 48:03 | Taulipang · tribute_sent a jugador 2 |
| 48:03 | Taulipang · tribute_sent a jugador 3 |
| 48:03 | Taulipang · tribute_sent a jugador 5 |
| 48:03 | Taulipang · tribute_sent a jugador 6 |
| 48:03 | Taulipang · tribute_sent a jugador 7 |
| 48:03 | Taulipang · tribute_sent a jugador 8 |
| 48:05 | PJtheDcoy · wall_segment Stone Wall x20 |
| 49:53 | PJtheDcoy · first_market_sell 100 food |
| 50:56 | Relief · first_building Siege Workshop |
| 51:23 | Taulipang · first_building Stable |
| 52:21 | Fingon · tribute_sent a jugador 1 |
| 52:21 | Fingon · tribute_sent a jugador 2 |
| 52:21 | Fingon · tribute_sent a jugador 3 |
| 52:21 | Fingon · tribute_sent a jugador 4 |
| 52:21 | Fingon · tribute_sent a jugador 5 |
| 52:21 | Fingon · tribute_sent a jugador 7 |
| 52:21 | Fingon · tribute_sent a jugador 8 |
| 54:28 | PJtheDcoy · wall_segment Stone Wall x7 |
| 54:45 | PJtheDcoy · wall_segment Stone Wall x7 |
| 54:56 | PJtheDcoy · wall_segment Stone Wall x10 |
| 55:02 | Taulipang · first_market_sell 500 wood |
| 56:40 | Taulipang · first_building Monastery |
| 57:32 | Relief · first_market_sell 500 food |
| 57:44 | Fingon · tribute_sent a jugador 1 |
| 57:44 | Fingon · tribute_sent a jugador 2 |
| 57:44 | Fingon · tribute_sent a jugador 3 |
| 57:44 | Fingon · tribute_sent a jugador 4 |
| 57:44 | Fingon · tribute_sent a jugador 5 |
| 57:44 | Fingon · tribute_sent a jugador 7 |
| 57:44 | Fingon · tribute_sent a jugador 8 |
| 58:43 | Fingon · wall_segment Stone Wall x1 |
| 58:43 | Relief · first_building Archery Range |
| 59:27 | Fingon · tribute_sent a jugador 1 |
| 59:27 | Fingon · tribute_sent a jugador 2 |
| 59:27 | Fingon · tribute_sent a jugador 3 |
| 59:27 | Fingon · tribute_sent a jugador 4 |
| 59:27 | Fingon · tribute_sent a jugador 5 |
| 59:27 | Fingon · tribute_sent a jugador 7 |
| 59:27 | Fingon · tribute_sent a jugador 8 |
| 61:04 | Fingon · tribute_sent a jugador 1 |
| 61:04 | Fingon · tribute_sent a jugador 2 |
| 61:04 | Fingon · tribute_sent a jugador 3 |
| 61:04 | Fingon · tribute_sent a jugador 4 |
| 61:04 | Fingon · tribute_sent a jugador 5 |
| 61:04 | Fingon · tribute_sent a jugador 7 |
| 61:04 | Fingon · tribute_sent a jugador 8 |
| 62:29 | Fingon · tribute_sent a jugador 1 |
| 62:29 | Fingon · tribute_sent a jugador 2 |
| 62:29 | Fingon · tribute_sent a jugador 3 |
| 62:29 | Fingon · tribute_sent a jugador 4 |
| 62:29 | Fingon · tribute_sent a jugador 5 |
| 62:29 | Fingon · tribute_sent a jugador 7 |
| 62:29 | Fingon · tribute_sent a jugador 8 |
| 63:45 | Fingon · tribute_sent a jugador 1 |
| 63:45 | Fingon · tribute_sent a jugador 2 |
| 63:45 | Fingon · tribute_sent a jugador 3 |
| 63:45 | Fingon · tribute_sent a jugador 4 |
| 63:45 | Fingon · tribute_sent a jugador 5 |
| 63:45 | Fingon · tribute_sent a jugador 7 |
| 63:45 | Fingon · tribute_sent a jugador 8 |
| 64:58 | Fingon · tribute_sent a jugador 1 |
| 64:58 | Fingon · tribute_sent a jugador 2 |
| 64:58 | Fingon · tribute_sent a jugador 3 |
| 64:58 | Fingon · tribute_sent a jugador 4 |
| 64:58 | Fingon · tribute_sent a jugador 5 |
| 64:58 | Fingon · tribute_sent a jugador 7 |
| 64:58 | Fingon · tribute_sent a jugador 8 |
| 67:09 | PJtheDcoy · tribute_sent a jugador 2 |
| 67:09 | PJtheDcoy · tribute_sent a jugador 3 |
| 67:09 | PJtheDcoy · tribute_sent a jugador 4 |
| 67:09 | PJtheDcoy · tribute_sent a jugador 5 |
| 67:09 | PJtheDcoy · tribute_sent a jugador 6 |
| 67:09 | PJtheDcoy · tribute_sent a jugador 7 |
| 67:09 | PJtheDcoy · tribute_sent a jugador 8 |
| 67:14 | Relief · tribute_sent a jugador 1 |
| 67:14 | Relief · tribute_sent a jugador 2 |
| 67:14 | Relief · tribute_sent a jugador 4 |
| 67:14 | Relief · tribute_sent a jugador 5 |
| 67:14 | Relief · tribute_sent a jugador 6 |
| 67:14 | Relief · tribute_sent a jugador 7 |
| 67:14 | Relief · tribute_sent a jugador 8 |
| 69:07 | Fingon · tribute_sent a jugador 1 |
| 69:07 | Fingon · tribute_sent a jugador 2 |
| 69:07 | Fingon · tribute_sent a jugador 3 |
| 69:07 | Fingon · tribute_sent a jugador 4 |
| 69:07 | Fingon · tribute_sent a jugador 5 |
| 69:07 | Fingon · tribute_sent a jugador 7 |
| 69:07 | Fingon · tribute_sent a jugador 8 |
| 70:05 | Taulipang · wall_segment Stone Wall x10 |
| 72:07 | Fingon · tribute_sent a jugador 1 |
| 72:07 | Fingon · tribute_sent a jugador 2 |
| 72:07 | Fingon · tribute_sent a jugador 3 |
| 72:07 | Fingon · tribute_sent a jugador 4 |
| 72:07 | Fingon · tribute_sent a jugador 5 |
| 72:07 | Fingon · tribute_sent a jugador 7 |
| 72:07 | Fingon · tribute_sent a jugador 8 |
| 74:50 | Fingon · tribute_sent a jugador 1 |
| 74:50 | Fingon · tribute_sent a jugador 2 |
| 74:50 | Fingon · tribute_sent a jugador 3 |
| 74:50 | Fingon · tribute_sent a jugador 4 |
| 74:50 | Fingon · tribute_sent a jugador 5 |
| 74:50 | Fingon · tribute_sent a jugador 7 |
| 74:50 | Fingon · tribute_sent a jugador 8 |
| 77:06 | Fingon · wall_segment Stone Wall x2 |
| 77:31 | Fingon · tribute_sent a jugador 1 |
| 77:31 | Fingon · tribute_sent a jugador 2 |
| 77:31 | Fingon · tribute_sent a jugador 3 |
| 77:31 | Fingon · tribute_sent a jugador 4 |
| 77:31 | Fingon · tribute_sent a jugador 5 |
| 77:31 | Fingon · tribute_sent a jugador 7 |
| 77:31 | Fingon · tribute_sent a jugador 8 |
| 78:20 | Quando · tribute_sent a jugador 1 |
| 78:20 | Quando · tribute_sent a jugador 2 |
| 78:20 | Quando · tribute_sent a jugador 3 |
| 78:20 | Quando · tribute_sent a jugador 4 |
| 78:20 | Quando · tribute_sent a jugador 6 |
| 78:20 | Quando · tribute_sent a jugador 7 |
| 78:20 | Quando · tribute_sent a jugador 8 |
| 79:34 | Quando · tribute_sent a jugador 1 |
| 79:34 | Quando · tribute_sent a jugador 2 |
| 79:34 | Quando · tribute_sent a jugador 3 |
| 79:34 | Quando · tribute_sent a jugador 4 |
| 79:34 | Quando · tribute_sent a jugador 6 |
| 79:34 | Quando · tribute_sent a jugador 7 |
| 79:34 | Quando · tribute_sent a jugador 8 |
| 81:15 | Quando · wall_segment Stone Wall x19 |
| 83:06 | Quando · wall_segment Stone Wall x11 |
| 83:12 | Quando · wall_segment Stone Wall x4 |
| 83:14 | Quando · wall_segment Stone Wall x5 |
| 83:42 | Quando · wall_segment Stone Wall x1 |
| 83:43 | Quando · wall_segment Stone Wall x1 |
| 86:10 | Quando · resign |
| 86:19 | Fingon · wall_segment Stone Wall x6 |
[ AI ANALYSIS · 1 CREDIT ]
What really happened in this match?
Wolo.gg analyzes every decision: build order, eco, micro, common mistakes by bracket. Personalized analysis on WhatsApp or Discord in 30 seconds.
Civ guide
Jurchens
Perfil
Jugador #2141671